 Dungeon Crawl Stone Soup version 0.17-a0-1174-ge06b3cc (webtiles) character file.

38352 Raurakos the Transmogrifier (level 14, -9/75 HPs)
             Began as a Vine Stalker Transmuter on May 20, 2015.
             Was a High Priest of Makhleb.
             Mangled by an ice beast (14 damage)
             ... summoned by an ice statue
             ... in an ice cave on May 29, 2015.
             The game lasted 01:51:12 (17365 turns).

Raurakos the Transmogrifier (VSTm)                 Turns: 17365, Time: 01:51:12

Health: -9/75      AC: 10    Str: 14    XL:     14   Next: 1%
Magic:  0/27       EV: 22    Int: 13    God:    Makhleb [*****.]
Gold:   1272       SH:  0    Dex: 19    Spells: 3 memorised, 20 levels left

rFire  . . .     SeeInvis .       - Unarmed
rCold  . . .     Clarity  .     j - +0 leather armour
rNeg   . . .     SustAt   .     (no shield)
rPois  .         Gourm    .     K - +1 helmet
rElec  .         Spirit   +     N - +0 cloak
rCorr  .         Warding  .     n - +2 pair of gloves
rMut   .         Stasis   .     (no boots)
MR     +....                    l - amulet of regeneration
Stlth  +.........               S - +3 ring of evasion
                                Z - ring of wizardry

@: somewhat resistant to hostile enchantments, very unstealthy
A: fangs 3, regeneration 3, magic shield, antimagic bite, no device heal 3, rot
immunity
a: Minor Destruction, Lesser Servant of Makhleb, Major Destruction, Greater
Servant of Makhleb, Renounce Religion


You were in an ice cave.
You worshipped Makhleb.
Makhleb was extremely pleased with you.
You were not hungry.

You visited 3 branches of the dungeon, and saw 18 of its levels.
You also visited: Ossuary, Ice Cave and Volcano.

You collected 1272 gold pieces.

Inventory:

Armour
 j - a +0 leather armour (worn)
 n - a +2 pair of gloves (worn)
 K - a +1 helmet (worn)
 N - a +0 cloak (worn)
Rods
 T - a +0 lightning rod (13/13)
   (You found it on level 10 of the Dungeon)
Jewellery
 a - an uncursed amulet of resist mutation
 l - an amulet of regeneration (around neck)
 q - an uncursed ring of flight
 y - an uncursed ring of see invisible
 B - an uncursed ring of teleportation
 S - a +3 ring of evasion (right hand)
 Z - a ring of wizardry (left hand)
Magical devices
 e - a wand of digging (11)
 J - a wand of teleportation (2)
 R - a wand of digging (19)
Scrolls
 f - 4 scrolls of remove curse
 h - 4 scrolls of fear
 k - 5 scrolls of fog
 F - 4 scrolls of teleportation
 H - 2 scrolls of amnesia {unknown}
Potions
 g - 2 potions of invisibility
 i - a potion of agility {unknown}
 m - 6 potions of curing
 o - 6 potions of brilliance
 p - 2 potions of berserk rage {unknown}
 z - 3 potions of resistance
 A - 2 potions of haste
 E - 2 potions of lignification
 M - 2 potions of might
 O - a potion of mutation {unknown}
 X - a potion of experience {unknown}
Books
 c - a book of Ice

   Spells                             Type                      Level
   a - Ice Form                       Ice/Transmutation            4
   b - Metabolic Englaciation         Hexes/Ice                    5
   c - Ozocubu's Refrigeration        Ice                          6
   d - Bolt of Cold                   Conjuration/Ice              6
   e - Freezing Cloud                 Conjuration/Ice/Air          6
   f - Simulacrum                     Ice/Necromancy               6
Miscellaneous
 s - a lantern of shadows
 t - a phantom mirror
 U - a lamp of fire
Comestibles
 b - a meat ration
 d - 13 bread rations
 C - a chunk of flesh


   Skills:
 - Level 9.0 Fighting
 - Level 4.2 Armour
 - Level 9.0 Dodging
 + Level 9.1 Unarmed Combat
 - Level 8.1 Spellcasting
 - Level 11.0 Transmutations
 - Level 10.0 Invocations


You had 20 spell levels left.
You knew the following spells:

 Your Spells              Type           Power        Failure   Level  Hunger
a - Beastly Appendage     Trmt           ####..       1%          1    None
b - Spider Form           Trmt/Pois      ###.......   2%          3    ##.....
c - Blade Hands           Trmt           ####......   2%          5    #####..


Dungeon Overview and Level Annotations

Branches:
Dungeon (10/15)            Temple (1/1) D:7            Lair (7/8) D:10
 Shoals (0/4) Lair:3       Spider (0/4) Lair:5          Orc (0/4) D:10
  Slime: Lair:6-8

Altars:
Ashenzari
Cheibriados
Dithmenos
Elyvilon
Fedhas
Gozag
Kikubaaqudgha
Makhleb
Nemelex Xobeh
Okawaru
Qazlal
Ru
Sif Muna
Trog
Vehumet
Xom
Yredelemnul
Zin
The Shining One

Shops:
D:7 (

Annotations:
Lair:3 Rupert
Lair:4 exclusion: hydra IceCv exclusion: 2 ice statues


Innate Abilities, Weirdness & Mutations

You have razor-sharp teeth.
You regenerate.
When hurt, damage is shared between your health and your magic reserves.
Your bite disrupts and absorbs the magic of your enemies.
Potions and wands cannot restore your health.
You are immune to rotting.


Message History

The ice statue throws cold at you. The freezing blast engulfs you!
The ice beast completely misses you.
The ice beast hits you but does no damage.
You are engulfed in freezing vapours.
The ice beast completely misses you. The ice statue throws cold at you.
The freezing blast engulfs you!
* * * LOW HITPOINT WARNING * * *
The ice beast completely misses you. The ice statue throws cold at you.
The bolt of cold hits the ice beast.
The ice beast completely resists.
The bolt of cold misses you.
You are engulfed in freezing vapours.
* * * LOW HITPOINT WARNING * * *
The ice statue throws ice at you. The shard of ice misses you.
The ice statue glitters chillingly in the dim dungeon light.
The ice beast hits you.
* * * LOW HITPOINT WARNING * * *
The ice beast freezes you!
You die...

#####
####...###
##........##
##@YY.......#
##..§§.......#
#..§§.Y.8..8.#
#...§§§...$..#
#.∩§§....?.:.#
#..§......[..#
#.......8..8.#
##...........#
##..........#


You could see 2 ice statues and 3 ice beasts.

Vanquished Creatures
  2 hydras
  An ice dragon (Lair:7)
  3 death yaks (Lair:4)
  A lindwurm (Volcano)
  A hill giant (D:10)
  A griffon (Lair:6)
  A smoke demon (Lair:4)
  5 black mambas
  11 elephants
  2 molten gargoyles (Volcano)
  10 spiny frogs
  4 komodo dragons
  2 gargoyles (Volcano)
  2 fire drakes
  9 blink frogs
  A hellwing (Lair:2)
  Grinder (D:4)
  A snapping turtle (Lair:3)
  3 wyverns
  3 fire elementals (Volcano)
  A shadow (D:10)
  A vampire mosquito (Lair:6)
  A spriggan (D:7)
  A wraith (D:10)
  9 hippogriffs
  5 basilisks
  A neqoxec (IceCv)
  28 yaks
  7 wolves
  Menkaure (D:7)
  4 hungry ghosts
  A swamp worm (Lair:6)
  4 wargs (D:10)
  An orc warrior (D:10)
  8 water moccasins
  A wasp (D:10)
  2 black bears
  A phantom (D:3)
  3 sky beasts
  15 ice beasts
  2 swamp drakes (Lair:6)
  11 porcupines
  3 centaurs
  9 crocodiles
  4 ogres
  8 giant frogs
  2 big kobolds (D:10)
  3 scorpions
  A wyvern skeleton (D:6)
  5 wights
  4 crimson imps
  3 electric eels
  2 giant frog skeletons
  A gnoll shaman (D:7)
  7 hounds
  2 quasits
  3 centaur zombies
  4 orc priests
  3 jellies
  11 iguanas
  4 orc wizards
  A centaur skeleton (D:6)
  Jessica (D:2)
  4 worker ants
  A killer bee zombie (D:7)
  4 sheep (Lair:3)
  3 ogre zombies (Ossuary)
  A big kobold zombie (Ossuary)
  A hound skeleton (D:4)
  8 mummies
  A worker ant zombie (D:7)
  6 gnolls
  47 river rats
  12 adders
  7 adder zombies
  An adder skeleton (D:6)
  3 worms
  4 giant geckos
  19 orcs
  21 bats
  A bat zombie (D:7)
  26 hobgoblins
  15 jackals
  6 giant cockroaches
  7 giant newts
  14 goblins
  6 hobgoblin zombies (Ossuary)
  A jackal skeleton (D:4)
  20 kobolds
  6 kobold zombies (Ossuary)
  5 quokkas
  A quokka skeleton (D:9)
  4 quokka zombies
  13 rats
  4 rat zombies (Ossuary)
  A butterfly (D:7)
  A fungus (Lair:3)
  A plant (Lair:7)
528 creatures vanquished.

Vanquished Creatures (collateral kills)
  2 hydras
  A catoblepas (Lair:2)
  A swamp dragon (Lair:6)
  A komodo dragon (Lair:2)
  A wolf (Lair:7)
  A wasp (Lair:5)
  4 river rats (Lair:5)
  A giant cockroach (Lair:5)
  A butterfly (Lair:5)
13 creatures vanquished.

Vanquished Creatures (others)
  An orange demon (Lair:2)
  A ynoxinul (Lair:2)
  3 butterflies (D:10)
  2 fungi (Lair:3)
  2 plants
9 creatures vanquished.

Grand Total: 550 creatures vanquished

Notes
Turn   | Place    | Note
--------------------------------------------------------------
     0 | D:1      | Raurakos the Vine Stalker Transmuter began the quest for the Orb.
     0 | D:1      | Reached XP level 1. HP: 9/9 MP: 4/4
   270 | D:1      | Reached XP level 2. HP: 9/14 MP: 6/6
  1046 | D:2      | Reached skill level 4 in Unarmed Combat
  1090 | D:2      | Noticed Jessica
  1112 | D:2      | Killed Jessica
  1112 | D:2      | Reached XP level 3. HP: 17/17 MP: 7/7
  1341 | D:2      | Reached XP level 4. HP: 17/21 MP: 6/8
  1728 | D:3      | Reached skill level 5 in Unarmed Combat
  1757 | D:3      | Learned a level 3 spell: Spider Form
  2237 | D:3      | Reached XP level 5. HP: 25/25 MP: 9/9
  2513 | D:4      | Noticed Grinder
  2695 | D:4      | Noticed an ogre
  2925 | D:4      | Reached skill level 6 in Unarmed Combat
  2969 | D:4      | Found a shadowy altar of Dithmenos.
  2969 | D:4      | Noticed a phantom
  3232 | D:3      | Killed a phantom
  3232 | D:3      | Gained mutation: You heal very quickly. [Vine Stalker growth]
  3232 | D:3      | Reached XP level 6. HP: 17/29 MP: 10/10
  3515 | D:4      | Noticed an ogre
  3599 | D:5      | Entered Level 5 of the Dungeon
  3950 | D:5      | Reached skill level 1 in Armour
  4079 | D:5      | Reached XP level 7. HP: 27/32 MP: 9/11
  4223 | D:5      | Reached skill level 7 in Unarmed Combat
  5123 | D:6      | Reached skill level 5 in Transmutations
  5123 | D:6      | Gained mutation: You have razor-sharp teeth. [Vine Stalker growth]
  5123 | D:6      | Reached XP level 8. HP: 30/37 MP: 12/12
  5133 | D:6      | Learned a level 5 spell: Blade Hands
  5782 | D:7      | Reached skill level 8 in Unarmed Combat
  5827 | D:7      | Found Biemit's Antique Weapon Shop.
  5940 | D:7      | Reached XP level 9. HP: 18/40 MP: 5/13
  5992 | D:7      | Found a sand-covered staircase.
  6006 | Ossuary  | Entered an ossuary
  6499 | D:7      | Found a staircase to the Ecumenical Temple.
  6511 | Temple   | Entered the Ecumenical Temple
  6540 | Temple   | Became a worshipper of Makhleb the Destroyer
  6644 | D:7      | Noticed Menkaure
  6655 | D:7      | Killed Menkaure
  6655 | D:7      | Reached skill level 9 in Transmutations
  6697 | D:7      | Reached skill level 1 in Invocations
  6829 | D:7      | Found a sparkling altar of Nemelex Xobeh.
  7367 | D:8      | Reached skill level 1 in Fighting
  7461 | D:8      | Acquired Makhleb's first power
  7714 | D:8      | Reached XP level 10. HP: 47/49 MP: 14/14
  8108 | D:7      | Found a bloodstained altar of Trog.
  8108 | D:7      | Found a glowing golden altar of the Shining One.
  8108 | D:7      | Found a basalt altar of Yredelemnul.
  8210 | D:4      | Killed an ogre
  8322 | D:4      | Killed Grinder
  8566 | D:9      | Acquired Makhleb's second power
  9048 | D:9      | Reached skill level 5 in Fighting
  9296 | D:10     | Entered Level 10 of the Dungeon
  9330 | D:10     | Reached skill level 5 in Dodging
  9469 | D:10     | Noticed a hill giant
  9592 | D:10     | Killed a hill giant
  9715 | D:10     | Acquired Makhleb's third power
  9882 | D:10     | Found a staircase to the Orcish Mines.
  9972 | D:10     | Reached XP level 11. HP: 58/58 MP: 15/15
 10132 | D:10     | Acquired Makhleb's fourth power
 10153 | D:10     | Found a staircase to the Lair.
 10217 | D:10     | Paralysed by a wasp for 2 turns
 10499 | Lair:1   | Entered Level 1 of the Lair of Beasts
 10684 | Lair:1   | You fall through a shaft!
 10724 | Lair:2   | Noticed a catoblepas
 10740 | Lair:2   | Killed a catoblepas
 11082 | Lair:1   | Acquired Makhleb's fifth power
 11668 | Lair:1   | HP: 3/60 [poisoned by a black mamba]
 11673 | Lair:1   | HP: 2/60 [poisoned by a black mamba]
 11678 | Lair:1   | HP: 2/60 [poisoned by a black mamba]
 11684 | Lair:1   | HP: 3/60 [poisoned by a black mamba]
 12133 | Lair:2   | Noticed a six-headed hydra
 12218 | Lair:2   | Gained mutation: You regenerate. [Vine Stalker growth]
 12218 | Lair:2   | Reached XP level 12. HP: 50/66 MP: 13/16
 12485 | Lair:2   | Upgraded the game from 0.17-a0-1093-g0b3cd89 to 0.17-a0-1105-gbe8b664
 12505 | Lair:2   | Killed a six-headed hydra
 12669 | Lair:3   | Reached skill level 10 in Transmutations
 12830 | Lair:3   | Noticed Rupert
 12896 | Lair:2   | Upgraded the game from 0.17-a0-1105-gbe8b664 to 0.17-a0-1115-g0372368
 13082 | Lair:3   | Reached skill level 11 in Transmutations
 13596 | Lair:3   | Found a staircase to the Shoals.
 13619 | Lair:3   | Noticed a five-headed hydra
 13636 | Lair:3   | Killed a five-headed hydra
 13636 | Lair:3   | Reached skill level 5 in Spellcasting
 13657 | Lair:3   | Upgraded the game from 0.17-a0-1115-g0372368 to 0.17-a0-1174-ge06b3cc
 13706 | Lair:4   | Noticed a seven-headed hydra
 13930 | Lair:4   | Found a dark tunnel.
 13963 | Volcano  | Entered a volcano
 13991 | Volcano  | Reached XP level 13. HP: 70/70 MP: 24/24
 14265 | Lair:4   | Noticed a death yak
 14456 | Lair:4   | Noticed a death yak
 14456 | Lair:4   | Noticed a death yak
 14464 | Lair:4   | Killed a death yak
 14464 | Lair:4   | Reached skill level 5 in Invocations
 14471 | Lair:4   | Killed a death yak
 14477 | Lair:4   | Killed a death yak
 15092 | Lair:5   | Found a hole to the Spider Nest.
 16712 | Lair:6   | Reached skill level 10 in Invocations
 17168 | Lair:7   | Found a frozen archway.
 17197 | IceCv    | Entered an ice cave
 17207 | IceCv    | Reached XP level 14. HP: 60/75 MP: 6/27
 17365 | IceCv    | Mangled by an ice beast

Vault maps used:
D:1:      lemuel_arrival_hallway
D:2:      uniq_jessica
D:4:      first_bread, grunt_ministairs_3, grunt_dithmenos_shadows, uniq_grinder
D:7:      nicolae_overflow_hidden_temple, minmay_temple_entry_butterflies,
          gup_ossuary_entry_pyramid, serial_shops, nicolae_shop_trees,
          the_bakery, uniq_menkaure
D:8:      wad_cavern_with_rooms, minivault_23
D:9:      minmay_parallelograms
D:10:     david_lair_shrubbed, minmay_orc_entry_guard_dogs,
          corexii_hall_statues_deadend, minmay_misc_feat_rows, water_maze_lemuel
Temple:   eino_wide_crystal_templ_15
Lair:1:   lemuel_fruit_tree, grunt_megastairs_4
Lair:3:   minmay_shoals_entry_hut, uniq_rupert
Lair:4:   enter_volcano_3, bh_autumn_forest_stairs
Lair:5:   nicolae_spider_entry_non_spiders, lemuel_fruit_fields,
          infiniplex_staircase_pool
Lair:6:   onia_ninara_swampy_vault
Lair:7:   portal_ice_cave_entry_dragon, wad_woods_river_01
Ossuary:  ossuary_boxes_badplayer
IceCv:    ice_cave_statue_garden_01
Volcano:  volcano_aerie

Action                   |  1- 3 |  4- 6 |  7- 9 | 10-12 | 13-15 || total
-------------------------+-------+-------+-------+-------+-------++-------
Melee: Unarmed           |   108 |   237 |   591 |   933 |   407 ||  2276
Throw: Stone             |    38 |    66 |    29 |     3 |       ||   136
 Cast: Blade Hands       |       |       |     2 |    27 |    23 ||    52
       Beastly Appendage |       |       |       |     2 |       ||     2
Invok: Minor Destruction |       |       |       |    93 |    60 ||   153
       Lesser Servant of |       |       |       |     8 |     7 ||    15
       Major Destruction |       |       |       |       |     1 ||     1
 Abil: Evoke Flight      |       |       |       |     4 |     1 ||     5
Evoke: Wand              |       |       |     2 |       |       ||     2
  Use: Scroll            |       |     6 |    10 |     6 |     9 ||    31
       Potion            |       |       |       |     4 |       ||     4
 Stab: Sleeping          |       |       |     4 |     2 |       ||     6
       Distracted        |       |       |       |       |     1 ||     1
  Eat: Chunk             |     1 |    10 |    16 |    44 |    23 ||    94
